[Event "Titled Tuesday Blitz September 27 Early 2022"]
[White "Quirke, Jeffrey"]
[Black "Aldokhin, Ivan"]
[WhiteFideId "2013029"]
[BlackFideId "24115720"]
[WhiteElo "2150"]
[BlackElo "2243"]
[Result "0-1"]
[Round "01"]
[TimeControl "180+1"]
[Date "2022.09.27"]
[WhiteClock "0:00:48"]
[BlackClock "0:00:49"]

1. c4 Nf6 2. g3 g6 3. Bg2 Bg7 4. Nf3 d6 5. Nc3 O-O 6. O-O Nc6 7. d3 e6 8. b3 d5 9. Bb2 d4 10. Nb1 e5 11. Nbd2 Re8 12. a3 a5 13. Qc2 Bf5 14. Ng5 h6 15. Nge4 Nxe4 16. Nxe4 Qe7 17. Rfe1 Rad8 18. e3 dxe3 19. fxe3 h5 20. h3 Bc8 21. Kh2 f5 22. Nf2 h4 23. gxh4 Qxh4 24. Nh1 f4 25. Bd5+ Rxd5 26. cxd5 Qxh3+ 27. Kg1 Ne7 28. Qh2 Qg4+ 29. Qg2 Qxg2+ 30. Kxg2 Nxd5 31. exf4 Nxf4+ 32. Kg3 Nxd3 33. Re2 Nxb2 34. Rxb2 e4 0-1


[Site "https://www.chess.com"]

[Event "Titled Tuesday Blitz September 27 Early 2022"]
[White "Raja Rithvik R"]
[Black "Fawzy, Adham"]
[WhiteFideId "35007394"]
[BlackFideId "10613129"]
[WhiteElo "2854"]
[BlackElo "2496"]
[Result "1-0"]
[Round "01"]
[TimeControl "180+1"]
[Date "2022.09.27"]
[WhiteClock "0:01:17"]
[BlackClock "0:00:07"]

1. b3 d5 2. Bb2 Nf6 3. e3 c5 4. f4 Nc6 5. Nf3 Bf5 6. Bb5 e6 7. O-O Be7 8. Ne5 Rc8 9. d3 O-O 10. Bxc6 bxc6 11. Nd2 Qb6 12. g4 Bg6 13. g5 Nh5 14. Nd7 Qc7 15. Nxf8 Bxf8 16. Qf3 Qb6 17. Kh1 Bd6 18. Be5 Bxe5 19. fxe5 Qb4 20. Qf2 Qc3 21. Nf3 a5 22. Qd2 Qxd2 23. Nxd2 Kf8 24. Nf3 Ke7 25. Nh4 Rb8 26. Rab1 Rb4 27. Nxg6+ hxg6 28. c4 Rb8 29. cxd5 cxd5 30. Rbc1 Rc8 31. Kg2 f6 32. exf6+ gxf6 33. gxf6+ Nxf6 34. Rf4 Nd7 35. d4 c4 36. bxc4 dxc4 37. e4 Nb6 38. Kf2 Kd6 39. Ke2 Nd7 40. Rf7 e5 41. Rd1 exd4 42. Rxd4+ 1-0


[Site "https://www.chess.com"]

[Event "Titled Tuesday Blitz September 27 Early 2022"]
[White "Rama, Tejas"]
[Black "Kvon, Andrey"]
[WhiteFideId "30907381"]
[BlackFideId "14201356"]
[WhiteElo "1513"]
[BlackElo "2458"]
[Result "0-1"]
[Round "01"]
[TimeControl "180+1"]
[Date "2022.09.27"]
[WhiteClock "0:00:02"]
[BlackClock "0:00:50"]

1. d4 f5 2. c4 e6 3. g3 Nf6 4. Bg2 c6 5. Nf3 d5 6. O-O b6 7. b3 Ba6 8. Qc2 Bd6 9. Ba3 Qe7 10. Bxd6 Qxd6 11. Rd1 Nbd7 12. Nbd2 Ke7 13. e3 Rhc8 14. Qb2 Bb7 15. Ne5 a5 16. a3 b5 17. c5 Qc7 18. Ndf3 Nf8 19. b4 axb4 20. axb4 Qd8 21. Ng5 Rxa1 22. Rxa1 Ra8 23. Ngf7 Rxa1+ 24. Qxa1 Qa8 25. Qxa8 Bxa8 26. Nd6 N8d7 27. Nxd7 Nxd7 28. Kf1 Nb8 29. Ke2 Na6 30. Kd2 Nxb4 31. Kc3 Na6 32. f3 Kd7 33. e4 dxe4 34. fxe4 g6 35. h4 Kc7 36. e5 Bb7 37. Bf1 Bc8 38. Be2 Bd7 39. g4 Kd8 40. g5 Nc7 41. Bf3 Na6 42. Kb3 Ke7 43. Be2 Nc7 44. Bf3 Nd5 45. Kc2 Nb4+ 46. Kc3 Nd5+ 47. Kc2 Kf8 48. Nb7 Kg7 49. Na5 h6 50. Bxd5 exd5 51. Nb3 hxg5 52. hxg5 f4 53. Kd2 Bg4 54. Kc2 Kf7 55. Kd2 Ke6 56. Na5 Kd7 57. Ke1 Bf3 58. Nb3 Be4 59. Nc1 b4 60. Nb3 Bc2 61. Na5 b3 62. Kd2 f3 0-1


[Site "https://www.chess.com"]

[Event "Titled Tuesday Blitz September 27 Early 2022"]
[White "Rangel, Daniel"]
[Black "Ahmadzada, Ahmad"]
[WhiteFideId "2124475"]
[BlackFideId "13413007"]
[WhiteElo "2225"]
[BlackElo "2185"]
[Result "0-1"]
[Round "01"]
[TimeControl "180+1"]
[Date "2022.09.27"]
[WhiteClock "0:01:15"]
[BlackClock "0:01:18"]

1. c4 Nf6 2. g3 g6 3. Bg2 Bg7 4. Nc3 O-O 5. e3 d6 6. Nge2 c5 7. O-O Nc6 8. d3 Bd7 9. a3 Qc8 10. Rb1 Bh3 11. b4 Bxg2 12. Kxg2 b6 13. b5 Ne5 14. h3 e6 15. f4 Ned7 16. e4 Qb7 17. Kh2 Rad8 18. Be3 d5 19. cxd5 exd5 20. e5 d4 21. exf6 Nxf6 22. Bd2 dxc3 23. Bxc3 Rfe8 24. Ng1 c4 25. Qf3 Qxf3 26. Rxf3 Rxd3 27. Rxd3 cxd3 28. Rd1 Rd8 29. Be5 Ne4 30. Nf3 Bxe5 31. Nxe5 d2 32. Nf3 Rc8 33. Nxd2 Rc2 34. h4 Rxd2+ 35. Rxd2 Nxd2 36. Kg2 Nc4 37. a4 Nb2 38. Kf3 Nxa4 39. Ke4 Nc3+ 40. Kd4 Nxb5+ 41. Kc4 Nd6+ 42. Kd5 Nf5 43. g4 Nxh4 44. g5 Ng2 45. Kc6 Nxf4 46. Kb5 Ne6 47. Ka6 Nxg5 48. Kxa7 h5 49. Kxb6 h4 50. Kc5 h3 51. Kd4 h2 52. Ke5 h1=Q 53. Kf6 Ne6 54. Ke7 g5 55. Kf6 g4 56. Kf5 g3 57. Kf6 g2 58. Ke7 g1=Q 59. Kf6 Qg6+ 60. Ke7 f5 61. Kd6 f4 62. Ke5 f3 63. Kd6 f2 64. Ke5 f1=Q 65. Kd6 Nd4+ 66. Ke7 Qff6+ 67. Kd7 Qe6+ 68. Kc7 Qd6+ 69. Kc8 Qh3+ 70. Kb7 Qg7+ 71. Ka8 Qa6+ 72. Kb8 Nc6# 0-1


[Site "https://www.chess.com"]

[Event "Titled Tuesday Blitz September 27 Early 2022"]
[White "Ravi, Teja S."]
[Black "Lorenzo De La Riva, Lazaro"]
[WhiteFideId "5017220"]
[BlackFideId "2268809"]
[WhiteElo "2432"]
[BlackElo "2325"]
[Result "1-0"]
[Round "01"]
[TimeControl "180+1"]
[Date "2022.09.27"]
[WhiteClock "0:01:42"]
[BlackClock "0:00:16"]

1. Nf3 Nf6 2. d4 d5 3. Bf4 c5 4. e3 Nc6 5. Nbd2 Bf5 6. dxc5 e6 7. Nb3 Be7 8. Nfd4 Bg6 9. Bb5 Rc8 10. Nxc6 bxc6 11. Ba6 O-O 12. Bxc8 Qxc8 13. O-O Nd7 14. Bd6 Bxd6 15. cxd6 Qb8 16. Qd4 Bxc2 17. Rfc1 Bxb3 18. axb3 c5 19. Qa4 Qxd6 20. Qxa7 h6 21. Ra6 Qe7 22. Qc7 Qd8 23. Qxd8 Rxd8 24. Rd6 Kf8 25. Rxc5 Ke7 26. Rcc6 Rb8 27. e4 Rxb3 28. exd5 Rxb2 29. h3 Ne5 30. Ra6 Nc4 31. Rdc6 exd5 32. Rc7+ Kd8 33. Rxf7 Nd6 34. Rxd6+ 1-0


[Site "https://www.chess.com"]

[Event "Titled Tuesday Blitz September 27 Early 2022"]
[White "Ravi, Thandalam Shanmugam"]
[Black "Mirzoev, Azer"]
[WhiteFideId "5000238"]
[BlackFideId "13400304"]
[WhiteElo "2063"]
[BlackElo "2525"]
[Result "0-1"]
[Round "01"]
[TimeControl "180+1"]
[Date "2022.09.27"]
[WhiteClock "0:00:21"]
[BlackClock "0:00:25"]

1. e4 Nc6 2. Nf3 e5 3. Bb5 a6 4. Ba4 Nge7 5. O-O Ng6 6. d4 exd4 7. Nxd4 Nxd4 8. Qxd4 b5 9. Bb3 Bb7 10. Qe3 Be7 11. Nc3 O-O 12. Nd5 Re8 13. Qe2 Bc5 14. Be3 Bxe3 15. Qxe3 d6 16. Rfe1 Ne5 17. f4 Nd7 18. Qg3 Nc5 19. c3 Rxe4 20. Rxe4 Nxe4 21. Qd3 Nf6 22. Ne3 Qe8 23. Re1 Qe4 24. Qd2 Qxf4 25. Rf1 Qg5 26. Rf5 Qh6 27. Qf2 Re8 28. Nf1 c5 29. h3 c4 30. Bc2 Be4 31. Bxe4 Nxe4 32. Qd4 Nc5 33. Qxd6 Qxd6 0-1


[Site "https://www.chess.com"]

[Event "Titled Tuesday Blitz September 27 Early 2022"]
[White "Rios Escobar, Adan"]
[Black "Burmakin, Vladimir"]
[WhiteFideId "3403645"]
[BlackFideId "4105109"]
[WhiteElo "2329"]
[BlackElo "2513"]
[Result "0-1"]
[Round "01"]
[TimeControl "180+1"]
[Date "2022.09.27"]
[WhiteClock "0:00:02"]
[BlackClock "0:00:49"]

1. d4 Nf6 2. g3 d5 3. Nf3 c6 4. c4 Bf5 5. Nc3 e6 6. Nh4 Be4 7. f3 Bg6 8. Qb3 Qc8 9. Nxg6 hxg6 10. Bg5 Nbd7 11. e4 dxe4 12. fxe4 e5 13. O-O-O exd4 14. Rxd4 Bc5 15. Rd1 O-O 16. Kb1 Ne5 17. Be2 Nfg4 18. Na4 b6 19. Nxc5 bxc5 20. Rd6 Nf2 21. Rhd1 Nxe4 22. Qe3 Nxd6 23. Rxd6 Qf5+ 24. Ka1 Rfe8 25. Qd2 Nf3 26. Bxf3 Qxf3 27. a3 Rab8 28. Qd1 Qxd1+ 29. Rxd1 Re2 30. Bc1 Rbe8 31. Rd6 Rxh2 32. Rxc6 Re1 33. Rc8+ Kh7 34. Rxc5 Rxc1+ 35. Ka2 Rcc2 36. Rb5 Rxc4 37. Rb3 f5 38. Kb1 a5 39. Ka2 a4 40. Rb6 Rg4 41. Rb7 Rg2 42. Rb6 R2xg3 43. Rb7 f4 44. Rb6 f3 45. Rb7 f2 46. b4 f1=Q 47. Rb8 Rg2# 0-1


[Site "https://www.chess.com"]

[Event "Titled Tuesday Blitz September 27 Early 2022"]
[White "Ronka, Erik"]
[Black "Tari, Aryan"]
[WhiteFideId "505080"]
[BlackFideId "1510045"]
[WhiteElo "2264"]
[BlackElo "2612"]
[Result "0-1"]
[Round "01"]
[TimeControl "180+1"]
[Date "2022.09.27"]
[WhiteClock "0:00:08"]
[BlackClock "0:00:35"]

1. e4 e5 2. Nf3 Nc6 3. Bb5 a6 4. Ba4 Nge7 5. c3 g6 6. d4 exd4 7. cxd4 b5 8. Bb3 Bg7 9. d5 Na5 10. Bc2 d6 11. O-O O-O 12. Re1 Nc4 13. Nd4 h6 14. a4 Bd7 15. Nc3 b4 16. Nce2 a5 17. b3 Nb6 18. Be3 Re8 19. Qd2 Kh7 20. h4 h5 21. Rad1 Ng8 22. Nf3 Nf6 23. Ng5+ Kg8 24. Nd4 Ng4 25. Bf4 Qf6 26. Ngf3 Ne5 27. Nxe5 dxe5 28. Bg5 Qd6 29. Nf3 c6 30. Bh6 cxd5 31. Bxg7 Kxg7 32. exd5 Rac8 33. Ng5 f5 34. f4 Qc5+ 35. Kh1 Qxc2 36. Qe3 Qc5 37. Qg3 e4 38. Ne6+ Bxe6 39. dxe6 Rxe6 40. Qg5 Qe7 41. Qg3 Rc3 42. Qf2 e3 43. Qg3 e2 44. Rd3 Rxd3 45. Qxd3 Qxh4+ 46. Kg1 Qxe1+ 0-1


[Site "https://www.chess.com"]

[Event "Titled Tuesday Blitz September 27 Early 2022"]
[White "Roque Sola, Gisela"]
[Black "Shashikant, Kutwal"]
[WhiteFideId "5120241"]
[BlackFideId "5006520"]
[WhiteElo "1845"]
[BlackElo "2321"]
[Result "0-1"]
[Round "01"]
[TimeControl "180+1"]
[Date "2022.09.27"]
[WhiteClock "0:00:12"]
[BlackClock "0:00:08"]

1. e4 c5 2. Nf3 d6 3. d4 cxd4 4. Nxd4 Nf6 5. Nc3 a6 6. Be2 e5 7. Nb3 Be7 8. O-O O-O 9. Kh1 b5 10. f4 Bb7 11. Bf3 Nbd7 12. Nd5 Bxd5 13. exd5 e4 14. Be2 Nb6 15. Nd4 Nbxd5 16. c4 bxc4 17. Bxc4 Nb6 18. Bb3 Rc8 19. Be3 d5 20. Qe2 a5 21. Rac1 Qd7 22. Qb5 Qxb5 23. Nxb5 Nc4 24. Bxc4 dxc4 25. Bb6 Rb8 26. Bxa5 Rxb5 27. Bc3 Nd5 28. Rfe1 Nxc3 29. Rxc3 Bb4 30. Rxc4 Bxe1 31. Rxe4 Bd2 32. Re2 Rxb2 33. g3 Rxa2 34. Kg2 g6 35. Kf3 h5 36. h3 Rfa8 37. g4 hxg4+ 38. Kxg4 Kg7 39. h4 Bc3 0-1


[Site "https://www.chess.com"]

[Event "Titled Tuesday Blitz September 27 Early 2022"]
[White "Rose, Felix"]
[Black "Danielyan, Vahe"]
[WhiteFideId "5105722"]
[BlackFideId "13304828"]
[WhiteElo "2039"]
[BlackElo "2421"]
[Result "0-1"]
[Round "01"]
[TimeControl "180+1"]
[Date "2022.09.27"]
[WhiteClock "0:00:33"]
[BlackClock "0:01:41"]

1. e4 c6 2. d4 d5 3. e5 Bf5 4. h4 h6 5. g4 Bd7 6. h5 e6 7. Bd3 c5 8. c3 Nc6 9. Be3 cxd4 10. cxd4 Qb6 11. Qb3 Bb4+ 12. Nc3 Nxd4 13. Bxd4 Qxd4 14. Ne2 Bxc3+ 15. Qxc3 Qxc3+ 16. bxc3 Ne7 17. Rb1 b6 18. Kd2 Nc6 19. f4 Na5 20. Nd4 Ke7 21. f5 Rac8 22. Rhf1 Nc4+ 23. Bxc4 Rxc4 24. f6+ gxf6 25. Rxf6 Rhc8 26. Rb3 Rg8 27. Ra3 a5 28. Rb3 Rxg4 29. Rxh6 Rg2+ 30. Kc1 Rxa2 31. Rxb6 Rxc3+ 32. Kb1 Rd2 33. Nb3 Rf2 34. Nxa5 Re3 35. Nb3 Re1+ 36. Nc1 Rxe5 37. Rb2 Rf1 38. Rc2 Ree1 39. Kb2 Rh1 40. Rh8 Re5 41. Rc7 Rexh5 42. Rxh5 Rxh5 43. Nd3 Kd6 44. Ra7 Rh2+ 45. Kc3 Rh3 46. Kd2 Bb5 47. Nf4 Rh2+ 48. Ke3 e5 49. Rb7 exf4+ 50. Kxf4 Kc6 51. Rxf7 Rf2+ 52. Ke3 Rxf7 0-1


[Site "https://www.chess.com"]

[Event "Titled Tuesday Blitz September 27 Early 2022"]
[White "Rosen, Eric"]
[Black "Paiva, Henrique M A Albergaria"]
[WhiteFideId "2032562"]
[BlackFideId "1920995"]
[WhiteElo "2362"]
[BlackElo "1975"]
[Result "1-0"]
[Round "01"]
[TimeControl "180+1"]
[Date "2022.09.27"]
[WhiteClock "0:00:05"]
[BlackClock "0:00:20"]

1. d4 d5 2. Bf4 Nf6 3. e3 c6 4. c4 e6 5. Nc3 Bd6 6. Bg3 Qe7 7. Nf3 Nbd7 8. Rc1 O-O 9. Qc2 e5 10. dxe5 Nxe5 11. Nxe5 Bxe5 12. cxd5 cxd5 13. Be2 Bd7 14. O-O Rac8 15. Qb3 Bc6 16. Rfd1 Rfd8 17. a3 a6 18. Bd3 d4 19. exd4 Bxd4 20. Bf5 Ra8 21. Re1 Qf8 22. Ne2 Ba7 23. Bh4 Qd6 24. Bg3 Qd2 25. Bf4 Qa5 26. Bb1 Qh5 27. Qg3 Re8 28. Nc3 Rad8 29. Bg5 Bb8 30. Qh4 Qxh4 31. Bxh4 Rxe1+ 32. Rxe1 Re8 33. Rd1 Nd7 34. Bg3 Bxg3 35. hxg3 h6 36. b4 Nb6 37. Ba2 Rc8 38. Ne2 Ba4 39. Rd2 Re8 40. f3 Bb5 41. Nd4 Rd8 42. Kf2 Bc4 43. Bb1 Re8 44. Nf5 Be6 45. Nd6 Rd8 46. g4 Rd7 47. Ne4 Rc7 48. Ba2 Rd7 49. Bxe6 Rxd2+ 50. Nxd2 fxe6 51. Ke3 Kf7 52. Kd4 Nd5 53. Ne4 Ke7 54. Nc5 b5 55. Nxa6 Kd6 56. Nc5 Nf4 57. Ne4+ Kc6 58. Nc5 Kd6 59. Ne4+ Kc6 60. g3 Ne2+ 61. Ke3 Nc3 62. Nxc3 Kd6 63. Ne4+ Kd5 64. Nc5 e5 65. Kd3 1-0


[Site "https://www.chess.com"]

[Event "Titled Tuesday Blitz September 27 Early 2022"]
[White "Rosenberg, Evan S"]
[Black "Mladek, Richard"]
[WhiteFideId "2019299"]
[BlackFideId "386588"]
[WhiteElo "2368"]
[BlackElo "2263"]
[Result "0-1"]
[Round "01"]
[TimeControl "180+1"]
[Date "2022.09.27"]
[WhiteClock "0:00:04"]
[BlackClock "0:00:10"]

1. Nf3 g6 2. e4 Bg7 3. d4 d6 4. Nc3 Nf6 5. h3 c6 6. Bd3 O-O 7. Be3 b5 8. Qd2 Nbd7 9. e5 Ne8 10. e6 fxe6 11. Ng5 Nb6 12. h4 e5 13. dxe5 Bf5 14. h5 dxe5 15. hxg6 hxg6 16. O-O-O Nc7 17. Qe2 Nbd5 18. Nxd5 Nxd5 19. Bxf5 Rxf5 20. Ne6 Qa5 21. Nxg7 Kxg7 22. Kb1 Qb4 23. Bh6+ Kg8 24. Rd3 e4 25. Rb3 Qd4 26. Qg4 Kf7 27. Be3 Nxe3 28. fxe3 Qf6 29. a3 Rh8 30. Rxh8 Qxh8 31. Qxe4 Qf6 32. Rc3 c5 33. a4 Rf1+ 34. Ka2 a6 35. Qd5+ Qe6 36. Qxe6+ Kxe6 37. Rxc5 bxa4 38. Rc6+ Kf5 39. Rxa6 Rg1 40. Rxa4 Rxg2 41. c4 g5 42. c5 Rc2 43. Ra5 g4 44. Kb1 Rc4 45. b3 Re4 46. c6+ Ke6 47. Rg5 Kd6 48. Rg6+ e6 49. Kc2 Kxc6 50. Kd3 Kd5 51. Rg5+ e5 52. Rg8 Rb4 53. Rd8+ Ke6 54. Re8+ Kf5 55. Rf8+ Ke6 56. Re8+ Kf5 57. Rf8+ Kg5 58. Rg8+ Kh4 59. Rh8+ Kg3 60. Kc3 Re4 61. Kd3 Rb4 62. Kc3 Rb5 63. Kc4 Rb7 64. b4 Kf2 65. e4 g3 66. Rf8+ Ke3 67. Rg8 Kf3 68. Rf8+ Kxe4 69. Kc5 g2 70. Rg8 Kf3 71. b5 e4 72. Rf8+ Ke2 73. Rg8 Kf2 74. Rf8+ Kg1 75. Kc6 Rh7 76. b6 e3 77. b7 Rxb7 78. Kxb7 e2 79. Re8 Kf1 80. Rf8+ Ke1 81. Rg8 Kf2 82. Rf8+ Kg3 83. Rg8+ Kf4 84. Rf8+ Ke5 85. Re8+ Kf6 86. Rxe2 g1=Q 87. Re8 Qg2+ 88. Kc8 Qc6+ 89. Kd8 Kf7 90. Re7+ Kf8 91. Rd7 Qc5 0-1


[Site "https://www.chess.com"]

[Event "Titled Tuesday Blitz September 27 Early 2022"]
[White "Rostomyan, Mikayel"]
[Black "Cramling Bellon, Anna"]
[WhiteFideId "13313754"]
[BlackFideId "32009232"]
[WhiteElo "1426"]
[BlackElo "1905"]
[Result "0-1"]
[Round "01"]
[TimeControl "180+1"]
[Date "2022.09.27"]
[WhiteClock "0:00:18"]
[BlackClock "0:00:04"]

1. d4 Nf6 2. Nf3 d5 3. c4 e6 4. g3 Bb4+ 5. Bd2 Bd6 6. Bg2 c6 7. Qc2 O-O 8. O-O Nbd7 9. Bf4 Bxf4 10. gxf4 Qc7 11. e3 Ne4 12. Nbd2 f5 13. Ne5 Nxe5 14. fxe5 Qf7 15. f3 Nxd2 16. Qxd2 f4 17. e4 Qg6 18. Kh1 Bd7 19. Rae1 Rae8 20. c5 Qh5 21. b4 dxe4 22. Rxe4 Qh4 23. Qf2 Qh6 24. a4 Rf5 25. Rg1 Ref8 26. Bf1 Be8 27. Bd3 Rh5 28. Re2 Rh3 29. Rd2 Bh5 30. Be4 Rf5 31. Qf1 Bg6 32. Bxf5 Bxf5 33. Rdg2 Bg6 34. Rg4 Rxh2# 0-1


[Site "https://www.chess.com"]

[Event "Titled Tuesday Blitz September 27 Early 2022"]
[White "Rottenwohrer Suarez, Juan"]
[Black "Al Hosani, Omran"]
[WhiteFideId "32068182"]
[BlackFideId "9308733"]
[WhiteElo "2132"]
[BlackElo "2167"]
[Result "0-1"]
[Round "01"]
[TimeControl "180+1"]
[Date "2022.09.27"]
[WhiteClock "0:00:03"]
[BlackClock "0:00:08"]

1. e4 c5 2. Nf3 Nc6 3. d4 cxd4 4. Nxd4 Nf6 5. Nc3 e5 6. Ndb5 d6 7. Nd5 Nxd5 8. exd5 Ne7 9. c4 Ng6 10. Be2 Be7 11. O-O O-O 12. Be3 f5 13. Nxa7 Bd7 14. Nb5 f4 15. Bd2 e4 16. Bg4 f3 17. gxf3 Ne5 18. Kh1 exf3 19. Bxd7 Qxd7 20. Rg1 Qh3 21. Rg3 Qh5 22. Qg1 Rf7 23. Nc7 Rc8 24. Ne6 Bf6 25. Bc3 Rxc4 26. Bxe5 Bxe5 27. Rc1 b5 28. b3 Rxc1 29. Qxc1 h6 30. Qc8+ Kh7 31. Qc2+ g6 32. Qe4 Bxg3 33. fxg3 f2 0-1


[Site "https://www.chess.com"]

[Event "Titled Tuesday Blitz September 27 Early 2022"]
[White "Spalir, Monika"]
[Black "Concio, Michael Jr."]
[WhiteFideId "14609118"]
[BlackFideId "5217873"]
[WhiteElo "2032"]
[BlackElo "1896"]
[Result "1-0"]
[Round "01"]
[TimeControl "180+1"]
[Date "2022.09.27"]
[WhiteClock "0:00:11"]
[BlackClock "0:00:02"]

1. d4 Nf6 2. c4 e6 3. Nf3 Bb4+ 4. Nbd2 d5 5. a3 Bxd2+ 6. Qxd2 c6 7. Qc2 O-O 8. Bg5 Nbd7 9. e3 b6 10. cxd5 cxd5 11. Bd3 h6 12. Bh4 Bb7 13. O-O Rc8 14. Qe2 Qc7 15. Bg3 Qc6 16. h3 Ne4 17. Bh2 f5 18. Bb5 Qc2 19. Qxc2 Rxc2 20. Bxd7 Rxb2 21. Bxe6+ Kh7 22. Rac1 Rf6 23. Bd7 Rf7 24. Rc7 Ba6 25. Rfc1 Ra2 26. Nh4 Rxf2 27. Be5 g5 28. Bxf5+ Rxf5 29. Nxf5 Rxc7 30. Rxc7+ Kg6 31. Ne7+ Kh5 32. Nxd5 g4 33. hxg4+ Kxg4 34. Rxa7 Bc4 35. Nxb6 Bd3 36. d5 Kf5 37. Bd4 Ng3 38. Rf7+ Ke4 39. Rf4# 1-0


[Site "https://www.chess.com"]

[Event "Titled Tuesday Blitz September 27 Early 2022"]
[White "Rychkov, Oleg"]
[Black "Vovk, Orest"]
[WhiteFideId "4122852"]
[BlackFideId "14113490"]
[WhiteElo "2455"]
[BlackElo "2203"]
[Result "0-1"]
[Round "01"]
[TimeControl "180+1"]
[Date "2022.09.27"]
[WhiteClock "0:00:46"]
[BlackClock "0:00:06"]

1. e4 g5 2. Nc3 Bg7 3. Bc4 h6 4. d3 d6 5. Nge2 c6 6. Bb3 Be6 7. h4 Bxb3 8. axb3 g4 9. h5 Nd7 10. Ng3 Ngf6 11. Nf5 Bf8 12. Be3 e6 13. Ng3 a6 14. Qd2 d5 15. d4 dxe4 16. Ncxe4 Nxe4 17. Nxe4 f5 18. Nc3 Bb4 19. Bxh6 Nf6 20. Bg5 Kf7 21. O-O-O Qa5 22. Kb1 Ne4 23. Nxe4 Bxd2 24. Bxd2 Qd5 25. Ng5+ Kf6 26. f3 Rag8 27. f4 Qxg2 28. Rde1 Qxd2 29. Rxe6+ Kg7 30. h6+ Kf8 31. h7 Rxg5 32. fxg5 Qxg5 33. Re5 Kf7 34. Rf1 Kf6 35. Rfe1 Rxh7 36. Re6+ Kf7 37. Rd6 Qf6 38. Rxf6+ Kxf6 39. Kc1 f4 40. Kd2 Rh2+ 41. Kd3 g3 42. Ke4 Kg5 43. c4 Rxb2 44. d5 cxd5+ 45. cxd5 Rd2 46. Rc1 Kg4 47. Rc7 Re2+ 48. Kd3 Re3+ 49. Kd4 Kf3 50. Rg7 Re1 51. d6 Rd1+ 52. Kc5 g2 53. d7 Rxd7 54. Rxd7 g1=Q+ 55. Kd6 Qe3 56. Rxb7 Qd3+ 57. Kc7 Kf2 58. Kb6 f3 59. Ka7 Ke1 60. b4 f2 61. Re7+ Kd2 0-1


[Site "https://www.chess.com"]

[Event "Titled Tuesday Blitz September 27 Early 2022"]
[White "Sadilek, Peter"]
[Black "Gabrielian, Artur"]
[WhiteFideId "1616439"]
[BlackFideId "4131002"]
[WhiteElo "2145"]
[BlackElo "2467"]
[Result "0-1"]
[Round "01"]
[TimeControl "180+1"]
[Date "2022.09.27"]
[WhiteClock "0:00:10"]
[BlackClock "0:01:12"]

1. Nf3 Nf6 2. c4 g6 3. Nc3 Bg7 4. e4 O-O 5. d4 d6 6. Be2 e5 7. d5 Na6 8. O-O Nc5 9. Qc2 a5 10. Bg5 h6 11. Be3 Nh7 12. Nd2 f5 13. f3 f4 14. Bf2 g5 15. a3 a4 16. Bxc5 dxc5 17. Nxa4 b6 18. b4 Bd7 19. Nc3 Qe7 20. Rab1 Rxa3 21. Nb5 Re3 22. Rfe1 cxb4 23. Nf1 Ra3 24. Nxa3 bxa3 25. c5 bxc5 26. Nd2 g4 27. Rb7 g3 28. Rxc7 Qh4 29. h3 Bxh3 30. gxh3 Ng5 31. Bf1 g2 32. Kxg2 Nxh3 33. Re2 Qg3+ 34. Kh1 Qg1# 0-1


[Site "https://www.chess.com"]

[Event "Titled Tuesday Blitz September 27 Early 2022"]
[White "Sadykov, Ramil"]
[Black "Levitan, Caleb Levi"]
[WhiteFideId "24113590"]
[BlackFideId "14332620"]
[WhiteElo "2243"]
[BlackElo "1811"]
[Result "1-0"]
[Round "01"]
[TimeControl "180+1"]
[Date "2022.09.27"]
[WhiteClock "0:00:53"]
[BlackClock "0:00:10"]

1. d4 d5 2. Bf4 c5 3. e4 dxe4 4. d5 Nf6 5. Nc3 a6 6. Qe2 e6 7. O-O-O exd5 8. Nxd5 Nxd5 9. Qxe4+ Be6 10. c4 Nd7 11. cxd5 Nf6 12. Qe5 Nxd5 13. Bc4 Be7 14. Bxd5 Bf6 15. Bc6+ bxc6 16. Rxd8+ Rxd8 17. Qxc5 Bd5 18. Nf3 Be7 19. Re1 Be6 20. Qxc6+ Kf8 21. Rxe6 fxe6 22. Qxe6 Bf6 23. Ne5 Bxe5 24. Bxe5 h5 25. Bd6+ Rxd6 26. Qxd6+ Kf7 27. Qxa6 Re8 28. b4 Re1+ 29. Kd2 Rh1 30. b5 Rxh2 31. b6 Rxg2 32. Qb7+ Ke8 33. Qxg2 g5 34. Qxg5 Kd7 35. Qc5 h4 36. b7 h3 37. b8=Q h2 38. Qbd6+ Ke8 39. Qe7# 1-0


[Site "https://www.chess.com"]

[Event "Titled Tuesday Blitz September 27 Early 2022"]
[White "Sai Han Thiha"]
[Black "Eisa Mohmood, Alkhoori"]
[WhiteFideId "13012290"]
[BlackFideId "9316116"]
[WhiteElo "1791"]
[BlackElo "1245"]
[Result "1-0"]
[Round "01"]
[TimeControl "180+1"]
[Date "2022.09.27"]
[WhiteClock "0:00:53"]
[BlackClock "0:01:39"]

1. d4 Nf6 2. c4 g6 3. Nc3 d5 4. Nf3 Bg7 5. Qb3 dxc4 6. Qxc4 O-O 7. e4 Nc6 8. Be2 e5 9. d5 Nd4 10. Nxd4 exd4 11. Qxd4 c6 12. Qc4 cxd5 13. exd5 b5 14. Qxb5 a5 15. Qc5 Re8 16. O-O Nxd5 17. Nxd5 Rxe2 18. Bf4 Bb7 19. Nb6 Ra6 20. Rad1 Qxb6 21. Qxb6 Rxb6 22. Rd8+ Bf8 23. Bh6 1-0


[Site "https://www.chess.com"]

[Event "Titled Tuesday Blitz September 27 Early 2022"]
[White "Sailer, Mike"]
[Black "Krishnan, Varun"]
[WhiteFideId "2012901"]
[BlackFideId "5054508"]
[WhiteElo "2109"]
[BlackElo "2630"]
[Result "0-1"]
[Round "01"]
[TimeControl "180+1"]
[Date "2022.09.27"]
[WhiteClock "0:00:02"]
[BlackClock "0:00:39"]

1. d4 d5 2. Nc3 Nf6 3. Bf4 c6 4. f3 g6 5. e4 dxe4 6. fxe4 Bg7 7. Qd2 O-O 8. O-O-O b5 9. e5 Nd5 10. Ne4 Nxf4 11. Qxf4 Be6 12. h4 Qa5 13. a3 b4 14. Qd2 Qd5 15. Ng5 bxa3 16. bxa3 Qa2 17. Qc3 Bd5 18. N1f3 Nd7 19. Bd3 c5 20. Kd2 Bxf3 21. gxf3 cxd4 22. Qxd4 Nxe5 23. Ra1 Nxd3 0-1


[Site "https://www.chess.com"]

[Event "Titled Tuesday Blitz September 27 Early 2022"]
[White "Sala, Giulia"]
[Black "Jeet, Jain"]
[WhiteFideId "2840451"]
[BlackFideId "5073022"]
[WhiteElo "1627"]
[BlackElo "2055"]
[Result "0-1"]
[Round "01"]
[TimeControl "180+1"]
[Date "2022.09.27"]
[WhiteClock "0:00:50"]
[BlackClock "0:01:23"]

1. e4 d5 2. exd5 Qxd5 3. Nc3 Qd6 4. Nf3 e5 5. Bc4 Be7 6. O-O Bg4 7. h3 Bh5 8. Re1 a6 9. g4 Bg6 10. Nxe5 Nc6 11. Nxc6 Qxc6 12. Bd5 Qb6 13. d3 O-O-O 14. Bg2 Bc5 15. Qf3 Nf6 16. Na4 Qb4 17. Qxb7+ Qxb7 18. Bxb7+ Kxb7 19. Nxc5+ Kb6 20. Be3 Nd5 21. Bd4 Kc6 22. Nb3 f6 23. Re6+ Kb7 24. Rd1 Nf4 25. Re3 h5 26. Na5+ Kc8 27. Nc6 Rd6 28. Ne7+ Kb7 29. Nxg6 Nxg6 30. Bc3 hxg4 31. hxg4 Rh4 32. f3 Rd8 33. Be1 Rh3 34. Kg2 Nf4+ 35. Kf2 Rdh8 36. Re7 Rh2+ 37. Kg3 g5 38. Rd2 R8h3# 0-1


[Site "https://www.chess.com"]

[Event "Titled Tuesday Blitz September 27 Early 2022"]
[White "Salman, Pavel"]
[Black "Iturrizaga Bonelli, Eduardo"]
[WhiteFideId "24153753"]
[BlackFideId "3901211"]
[WhiteElo "2492"]
[BlackElo "2823"]
[Result "0-1"]
[Round "01"]
[TimeControl "180+1"]
[Date "2022.09.27"]
[WhiteClock "0:00:19"]
[BlackClock "0:01:01"]

1. Nf3 Nf6 2. g3 b6 3. Bg2 Bb7 4. O-O g6 5. d3 Bg7 6. Nbd2 O-O 7. e4 c5 8. c3 Nc6 9. Re1 d6 10. a4 Rc8 11. Nf1 Nd7 12. h4 h6 13. h5 g5 14. Ne3 e6 15. Rf1 Kh8 16. Nd2 Nde5 17. Qe2 Ba6 18. Ndc4 Na5 19. f4 gxf4 20. gxf4 Nexc4 21. dxc4 f5 22. exf5 exf5 23. Bd5 Qh4 24. Ng2 Qf6 25. Be3 Rfe8 26. Rae1 Re7 27. Qf2 Bxc4 28. Bxc4 Nxc4 29. Nh4 Re4 30. Ng6+ Kh7 31. Bc1 Rce8 32. Rxe4 fxe4 33. Re1 d5 34. Qg3 Qf5 35. Re2 Qxh5 36. Rg2 Bf6 37. f5 Ne5 38. Nxe5 Bxe5 39. Qg6+ Qxg6 40. Rxg6 Rg8 41. Rxg8 Kxg8 42. Bxh6 Kf7 43. Bg5 Bf6 44. Bf4 d4 45. c4 d3 46. b3 Bd4+ 47. Kf1 e3 48. Bg3 e2+ 49. Kg2 d2 50. Kf3 d1=Q 0-1


[Site "https://www.chess.com"]